 Dungeon Crawl Stone Soup version 0.28-a0-1374-ga75cb3825e (webtiles) character file.

Game seed: 15241051224330101957

30 pokeman the Magician (level 3, -8/20 HPs)
             Began as a Deep Elf Hedge Wizard on Dec 31, 2021.
             Killed from afar by a white imp (10 damage)
             ... with a puff of frost
             ... on level 5 of the Dungeon.
             The game lasted 00:02:24 (3139 turns).

pokeman the Magician (Deep Elf Hedge Wizard)        Turns: 3139, Time: 00:02:25

Health: -8/20      AC:  3    Str:  7    XL:     3   Next: 5%
Magic:  9/11       EV: 12    Int: 20    God:
Gold:   71         SH:  0    Dex: 14    Spells: 1/12 levels left

rFire   . . .      SeeInvis .   a - +0 dagger
rCold   . . .      Faith    .   (no shield)
rNeg    . . .      Spirit   .   b - +0 robe
rPois   .          Reflect  .   f - +0 helmet
rElec   .          Harm     .   (no cloak)
rCorr   .          Rampage  .   (no gloves)
Will    .....                   (no boots)
Stlth   ++........              (no amulet)
HPRegen 0.06/turn               (no ring)
MPRegen 0.12/turn               (no ring)

@: on blink cooldown
A: no striking features
a: no special abilities


You were on level 5 of the Dungeon.
You visited 1 branch of the dungeon, and saw 4 of its levels.

You collected 71 gold pieces.

Inventory:

Hand Weapons
 a - a +0 dagger (weapon)
Missiles
 e - 11 bolts
Armour
 b - a +0 robe (worn)
 f - a +0 helmet (worn)
Scrolls
 c - 4 scrolls of identify {unknown}
 g - 3 scrolls of noise {unknown}
 i - a scroll of enchant armour {unknown}
 j - a scroll of magic mapping {unknown}
 l - 3 scrolls of amnesia {unknown}
Potions
 d - 2 potions of heal wounds {unknown}
 h - a potion of mutation {unknown}
 k - a potion of resistance {unknown}


   Skills:
 + Level 0.7 Fighting
 + Level 0.7 Armour
 - Level 2.4 Dodging
 - Level 2.4 Stealth
 * Level 5.1 Spellcasting
 + Level 1.7 Conjurations
 - Level 1.1 Summonings
 - Level 1.1 Translocations


You had one spell level left.
You knew the following spells:

 Your Spells              Type           Power      Damage    Failure   Level
a - Magic Dart            Conj           48%        1d5       5%          1
b - Mephitic Cloud        Conj/Pois/Air  7%         N/A       26%         3
c - Call Imp              Summ           9%         N/A       11%         2
d - Blink                 Tloc           18%        N/A       11%         2
e - Conjure Flame         Conj/Fire      8%         6-21      24%         3

Your spell library contained the following spells:

 Spells                   Type           Power      Damage    Failure   Level
 Slow                     Hex            20%        N/A       12%         1


Dungeon Overview and Level Annotations

Branches:
Dungeon (3/15)

Altars:

Shops:
D:1 [


Message History

You don't have enough magic to cast this spell.
Unknown command.
Things that are here:
a jackal corpse; a jackal corpse; a jackal corpse This spell is extremely dangerous to cast!
Memorise Mephitic Cloud, consuming 3 spell levels and leaving 8?
You start memorising the spell.
You continue memorising. x3
You finish memorising.
Spell assigned to 'b'.
Memorise Call Imp, consuming 2 spell levels and leaving 6?
You start memorising the spell.
You continue memorising. x2
You finish memorising.
Spell assigned to 'c'.
Memorise Blink, consuming 2 spell levels and leaving 4?
You start memorising the spell.
You continue memorising. x2
You finish memorising.
Spell assigned to 'd'.
This spell is extremely dangerous to cast!
Memorise Conjure Flame, consuming 3 spell levels and leaving 1?
You start memorising the spell.
You continue memorising. x3
You finish memorising.
Spell assigned to 'e'.
A sourceless malevolence fills the Dungeon...
You fall into a shaft and drop 2 floors!
The shaft crumbles and collapses.
You hear the hiss of flowing sand.
There is an entrance to an ossuary on this level.
Hurry and find it before the portal is buried!
An iguana, a bullfrog and a white imp come into view.
Found a book of Unlife and a scroll labelled AFAARU CARIUGI.
The white imp shouts!
The bullfrog gives a loud, deep croak!
The white imp closely misses you. The bullfrog hits you! The bullfrog hits you.
The white imp closely misses you. The bullfrog misses you.
The white imp gestures at you. The puff of frost hits you.
* * * LOW HITPOINT WARNING * * *
Casting: Magic Dart (safe; 5% risk of failure)
Confirm with . or Enter, or press ? or * to list all spells.
You blink.
The white imp gestures at you. The puff of frost hits you!
Ouch! That really hurt!
You die...

.# .# ##.# #..
#######.###
#.........#
#.........#### ##
#:.......@...#...
#......l.5#....##
#..?.....F.......
#########..######
#.ยง.## #.### #..
#.# ..


You could see a bullfrog, an iguana and a white imp.

Vanquished Creatures
  5 endoplasms
  A giant cockroach (D:1)
  A goblin (D:1)
  4 hobgoblins
  4 jackals (D:3)
  A quokka (D:2)
  2 ball pythons (D:1)
  3 bats
  A frilled lizard (D:2)
  3 kobolds
  2 rats (D:1)
27 creatures vanquished.

Notes
Turn   | Place    | Note
-------+----------+-------------------------------------------
     0 | D:1      | pokeman the Deep Elf Hedge Wizard began the quest for the
                  | Orb.
     0 | D:1      | Reached XP level 1. HP: 10/10 MP: 7/7
    53 | D:1      | Found Iwkaxam's Armour Emporium.
   751 | D:1      | Reached XP level 2. HP: 5/16 MP: 1/9
  2314 | D:2      | Reached skill level 5 in Spellcasting
  2754 | D:2      | Found a faded altar of an unknown god.
  3028 | D:3      | Reached XP level 3. HP: 20/20 MP: 2/11
  3035 | D:3      | Learned a level 3 spell: Mephitic Cloud
  3038 | D:3      | Learned a level 2 spell: Call Imp
  3041 | D:3      | Learned a level 2 spell: Blink
  3045 | D:3      | Learned a level 3 spell: Conjure Flame
  3133 | D:3      | You fall into a shaft and drop 2 floors!
  3133 | D:5      | Entered Level 5 of the Dungeon
  3133 | D:5      | Noticed a bullfrog
  3139 | D:5      | Killed from afar by a white imp

Illustrated notes

Levels and vault maps discovered:
D:1:      giann_wishing_wells, layout_basic, serial_shops, shop_fountains
D:2:      layout_rooms, serial_co_window_serial, co_window_of_opportunity_a,
          co_window_corner_a, co_window_paths_a, co_window_paths_a,
          co_window_paths_a, co_window_2corner, co_window_broadway_b,
          co_window_paths_c, co_window_corner_cb, co_window_2corner,
          co_window_paths_c, co_window_sun, co_window_paths_e, glass_columns_b,
          glass_columns_c, glass_columns_a, glass_columns_a,
          dilly_ecumenical_altar_fadedgnrine
D:3:      layout_rooms, minmay_bisected
D:5:      layout_rooms, enter_ossuary_1

Skill      XL: |  1  2 |
---------------+-------+-----
Spellcasting   | 5 |  5.1
Fighting       | |  0.7
Armour         | |  0.7
Dodging        | |  2.4
Stealth        | |  2.4
Conjurations   | |  1.7
Summonings     | |  1.1
Translocations | |  1.1

Action                   || total
-------------------------++-------
Melee: Dagger            ||     6
 Cast: Magic Dart        ||    76
       Blink             ||     1
Armor: Robe              ||     8
Dodge: Dodged            ||    22

Table legend: (Time is in decaauts)
 A = Elapsed time spent in this place.
 B = Non-inter-level travel time spent in this place.
 C = Inter-level travel time spent in this place.
 D = Time resting spent in this place.
 E = Time spent auto-exploring this place.
 F = Levels seen in this place.
 G = Mean time per level.
                   A        B        C        D        E       F      G
               +--------+--------+--------+--------+--------+-----+--------+
         Total |   3138 |   3041 |     97 |     43 |   2795 |   4 |  784.5 |
       Dungeon |   3138 |   3041 |     97 |     43 |   2795 |   4 |  784.5 |
               +--------+--------+--------+--------+--------+-----+--------+

Top non-repeatable levels by time:
     D:1: 1664 daAuts
     D:2: 1319 daAuts
     D:3: 148 daAuts
     D:5: 5 daAuts
